AoeStats
← 菊势有便

Arena

504741503Analyzed
4v4 RM · 26d ago on Sep 6, 2026· 64m 49s· 8 players
Game mode
Random Map
Map size
Large (8 player)
Population
200
Speed
Normal
Resources
Standard
Victory
Conquest
Starting age
Dark Age
Ending age
Imperial Age
RankedLock teamsTeams togetherTeam positionsShared explorationLock speedFull tech treeHidden civsTurbo modeCheats
Victory
Defeat
🇫🇮 Gurjaras · Finland
1345
+15
🇨🇳 Cumans · China
1332
+15
🇮🇳 Britons · India
1318
+16
🇨🇳 Burgundians · China
1293
+17
🇯🇵 Spanish · Japan
1399
-19
🇨🇳 Khmer · China
1386
-19
🇨🇳 Maya · China
1296
-15
🇨🇳 Franks · China
1163
-28
Sunday x Junior
10:05 Feudal Age
10:41 Double-Bit Axe
10:36 Horse Collar
12:29 Loom
15:15 Castle Age
15:11 Scale Barding Armor
16:24 Bow Saw
20:41 Bloodlines
25:02 Chain Barding Armor
26:43 Forging
26:38 Husbandry
28:42 Heavy Plow
30:43 Iron Casting
37:12 Fletching
38:42 Thumb Ring
39:16 Bodkin Arrow
39:21 Padded Archer Armor
44:14 Wheelbarrow
46:58 Imperial Age
46:20 Gold Mining
47:29 Kshatriyas
47:52 Bracer
48:57 Chemistry
48:20 Ballistics
48:28 Elite Elephant Archer
51:48 Stone Mining
52:39 Hand Cart
53:29 Leather Archer Armor
53:57 Light Cavalry
55:19 Plate Barding Armor
54:55 Hussar
57:29 Coinage
57:58 Conscription
很蓝的啦
8:59 Feudal Age
9:30 Double-Bit Axe
9:52 Horse Collar
15:31 Gold Mining
17:14 Loom
18:46 Wheelbarrow
21:16 Castle Age
20:05 Stone Mining
20:45 Loom
20:45 Town Watch
21:20 Forging
21:15 Scale Barding Armor
22:36 Bow Saw
22:30 Heavy Plow
23:19 Gold Shaft Mining
24:17 Hand Cart
23:48 Loom
24:43 Hand Cart
27:03 Imperial Age
25:11 Iron Casting
24:56 Chain Barding Armor
26:51 Fervor
27:44 Bloodlines
26:55 Light Cavalry
27:25 Cavalier
28:52 Plate Barding Armor
29:17 Blast Furnace
27:47 Capped Ram
28:58 Siege Ram
30:33 Steppe Husbandry
30:53 Conscription
31:22 Crop Rotation
32:08 Paladin
34:16 Squires
33:36 Pikeman
34:50 Arson
35:06 Scale Mail Armor
35:23 Halberdier
44:32 Caravan
45:02 Coinage
46:58 Chain Mail Armor
48:32 Fletching
48:42 Padded Archer Armor
49:39 Plate Mail Armor
59:44 Coinage
59:24 Guilds
63:05 Hussar
65:14 Bodkin Arrow
65:34 Leather Archer Armor
国产男子汉
3:25 Double-Bit Axe
6:31 Horse Collar
11:41 Feudal Age
15:22 Castle Age
13:42 Bow Saw
14:07 Gold Mining
17:35 Squires
18:56 Wheelbarrow
18:48 Scale Mail Armor
21:34 Forging
21:50 Forging
23:56 Hand Cart
24:33 Loom
30:44 Imperial Age
29:43 Two-Man Saw
29:21 Gold Shaft Mining
28:42 Stone Mining
28:59 Heavy Plow
29:04 Town Watch
29:04 Treadmill Crane
30:12 Crop Rotation
30:23 Town Watch
31:02 Burgundian Vineyards
31:56 Conscription
32:41 Iron Casting
32:12 Scale Barding Armor
32:47 Town Patrol
34:24 Blast Furnace
34:37 Chain Barding Armor
35:03 Husbandry
34:24 Light Cavalry
34:54 Fletching
35:29 Ballistics
36:10 Chemistry
35:21 Masonry
35:07 Murder Holes
35:22 Hussar
38:51 Plate Barding Armor
39:06 Squires
38:52 Arson
40:19 Hoardings
40:03 Chain Mail Armor
39:46 Murder Holes
40:02 Masonry
41:47 Stone Shaft Mining
41:57 Plate Mail Armor
42:06 Man-at-Arms
42:44 Bodkin Arrow
43:26 Stone Shaft Mining
43:28 Architecture
43:09 Fortified Wall
42:39 Long Swordsman
43:34 Two-Handed Swordsman
44:36 Bracer
44:20 Champion
47:07 Bracer
48:10 Elite Coustillier
48:35 Pikeman
49:17 Padded Archer Armor
49:26 Caravan
49:57 Coinage
49:38 Guilds
50:07 Halberdier
51:33 Leather Archer Armor
52:42 Banking
57:13 Elite Skirmisher
TheDangerous
9:55 Feudal Age
12:23 Loom
14:47 Castle Age
13:27 Double-Bit Axe
14:06 Horse Collar
21:51 Bow Saw
22:49 Heavy Plow
23:19 Gold Mining
24:33 Wheelbarrow
28:30 Imperial Age
25:37 Pikeman
26:24 Town Watch
26:48 Squires
26:50 Scale Mail Armor
27:07 Forging
27:21 Fletching
27:48 Chain Mail Armor
27:25 Arson
27:41 Padded Archer Armor
29:21 Gold Shaft Mining
28:37 Stone Mining
28:14 Crossbowman
29:05 Bodkin Arrow
29:51 Conscription
29:43 Town Patrol
30:46 Iron Casting
31:04 Leather Archer Armor
30:30 Halberdier
32:28 Two-Man Saw
31:37 Arbalester
33:49 Plate Mail Armor
35:10 Blast Furnace
34:44 Ballistics
35:41 Bracer
我是D头大哥
11:00 Feudal Age
14:27 Castle Age
13:00 Double-Bit Axe
13:48 Horse Collar
21:59 Wheelbarrow
22:06 Loom
23:29 Gold Mining
25:59 Bow Saw
26:20 Forging
26:53 Gold Shaft Mining
28:41 Heavy Plow
29:35 Ballistics
32:18 Imperial Age
30:01 Scale Barding Armor
30:31 Iron Casting
30:30 Hand Cart
32:21 Fortified Wall
33:37 Pikeman
34:24 Scale Mail Armor
35:25 Blast Furnace
34:38 Halberdier
37:09 Chain Mail Armor
39:19 Arson
41:29 Conscription
42:53 Fletching
43:03 Padded Archer Armor
44:01 Crop Rotation
43:33 Elite Skirmisher
44:11 Bodkin Arrow
44:31 Leather Archer Armor
45:30 Chemistry
45:44 Siege Engineers
45:55 Bracer
46:11 Leather Archer Armor
50:34 Ring Archer Armor
64:05 Hoardings
店小贰
10:21 Feudal Age
14:10 Castle Age
12:26 Double-Bit Axe
12:40 Horse Collar
15:14 Bow Saw
20:28 Wheelbarrow
19:58 Gold Mining
24:23 Loom
27:44 Imperial Age
25:09 Stone Mining
26:04 Padded Archer Armor
27:19 Stone Shaft Mining
27:41 Leather Archer Armor
27:56 Capped Ram
29:50 Ring Archer Armor
29:32 Bloodlines
29:23 Husbandry
29:55 Conscription
33:09 Elite Conquistador
35:05 Siege Ram
38:16 Hand Cart
40:40 Fletching
41:11 Ballistics
41:52 Chemistry
42:30 Bodkin Arrow
43:02 Elite Skirmisher
43:47 Thumb Ring
43:44 Bracer
55:46 Light Cavalry
56:32 Scale Barding Armor
56:38 Forging
57:00 Hussar
60:07 Two-Man Saw
63:54 Chain Barding Armor
64:10 Iron Casting
65:13 Plate Barding Armor
菊势有便
8:56 Loom
11:02 Feudal Age
11:48 Double-Bit Axe
14:39 Castle Age
15:52 Bow Saw
22:03 Wheelbarrow
21:19 Town Watch
21:29 Loom
27:33 Imperial Age
26:14 Hand Cart
27:33 Scale Barding Armor
27:39 Forging
27:21 Gold Mining
27:36 Cavalier
28:38 Chain Barding Armor
28:21 Husbandry
29:48 Conscription
30:13 Gold Shaft Mining
29:27 Paladin
32:13 Plate Barding Armor
36:11 Iron Casting
37:17 Chivalry
37:47 Stone Mining
41:28 Blast Furnace
54:31 Caravan
12014665
0:28 Loom
10:32 Feudal Age
14:11 Castle Age
12:39 Horse Collar
12:45 Double-Bit Axe
14:43 Wheelbarrow
17:21 Bow Saw
Connection lost

Rejoining the realm…

Still unreachable

The connection could not be restored.

Session expired

The server has moved on; the page needs a fresh start.